 Dungeon Crawl Stone Soup version 0.31-a0-1071-gaead2f62b1 (webtiles) character file.

Game seed: 4518611366927578567

36 wildpjah the Shooter (level 3, -7/27 HPs)
             Began as a Human Hunter on Nov 26, 2023.
             Mangled by Sigmund
             ... wielding a +0 scythe
              (9 damage)
             ... on level 3 of the Dungeon.
             The game lasted 00:02:32 (1646 turns).

wildpjah the Shooter (Human Hunter)                 Turns: 1646, Time: 00:02:33

Health: -7/27      AC:  8    Str: 11    XL:     3   Next: 57%
Magic:  12/12      EV: 12    Int:  9    God:
Gold:   154        SH:  0    Dex: 18    Spells: 2/2 levels left

rFire   . . .        q - +0 rapier
rCold   . . .        (no shield)
rNeg    . . .        c - +0 leather armour
rPois   .            (no helmet)
rElec   +            (no cloak)
rCorr   .            p - +0 pair of gloves
SInv    .            n - +3 pair of boots "Ikyleot" {rElec}
Will    .....        (no amulet)
Stlth   ++           h - ring of magical power
HPRegen 0.24/turn    (no ring)
MPRegen 0.13/turn

%: no passive effects
@: no status effects
A: no striking features
a: no special abilities


You were on level 3 of the Dungeon.
You visited 1 branch of the dungeon, and saw 3 of its levels.

You collected 154 gold pieces.

Inventory:

Hand Weapons
 a - a +0 shortbow
 l - a +0 orcbow
 q - a +0 rapier (weapon)
Armour
 c - a +0 leather armour (worn)
 n - the +3 pair of boots "Ikyleot" (worn) {rElec}
   (You found it on level 2 of the Dungeon)

   rElec:     It insulates you from electricity.
 p - a +0 pair of gloves (worn)
Jewellery
 h - a ring of magical power (left hand)
Scrolls
 b - a scroll of butterflies
 d - a scroll of poison {unknown}
 g - 2 scrolls of identify {unknown}
 i - a scroll of noise {unknown}
 m - a scroll of torment {unknown}
 o - a scroll of blinking {unknown}
 r - a scroll of fog {unknown}
Potions
 e - 2 potions of degeneration {unknown}
 f - a potion of berserk rage {unknown}
 j - 2 potions of attraction {unknown}
 k - a potion of mutation {unknown}


   Skills:
 + Level 2.0 Fighting
 + Level 5.0 Ranged Weapons
 + Level 2.1 Dodging
 + Level 1.0 Stealth


You had 2 spell levels left.
You didn't know any spells.
Your spell library was empty.

Dungeon Overview and Level Annotations

Branches:
Dungeon (3/15)

Altars:

Shops:
D:3 [

Annotations:
D:3 1 runed translucent door, Crazy Yiuf, Sigmund


Message History

j - 2 clear potions (gained 1)
You now have 154 gold pieces (gained 9).
Sigmund the Dreaded comes into view.
He is wielding a +0 scythe.
You shoot an arrow. The arrow hits Sigmund.
Sigmund shouts!
Sigmund is moderately wounded.
Sigmund is suddenly surrounded by pale red light.
Sigmund casts a spell at you. You resist with significant effort.
You shoot an arrow.
The arrow hits Sigmund but does no damage.
Sigmund is moderately wounded.
You shoot an arrow. The arrow closely misses Sigmund.
You shoot an arrow. The arrow hits Sigmund.
Sigmund is moderately wounded.
Sigmund gestures at you while chanting. The puff of flame hits you!
You shoot an arrow. The arrow hits Sigmund!
Sigmund is severely wounded.
You shoot an arrow. The arrow barely misses Sigmund.
Sigmund gestures at you while chanting. The magic dart hits you!
You are too injured to fight recklessly!
You are too injured to fight recklessly!
q - a +0 rapier (weapon)
Sigmund points at you and mumbles some strange words.
The puff of flame hits you!
* * * LOW HITPOINT WARNING * * *
You closely miss Sigmund.
Sigmund is severely wounded.
Sigmund casts a spell.
Sigmund flickers and vanishes!
Deactivating autopickup; reactivate with Ctrl-A.
You miss something.
You hear some strange, mumbled words.
A puff of flame appears from out of thin air!
The puff of flame hits you.
* * * LOW HITPOINT WARNING * * *
You closely miss something. Something hits you!
You die...

#########.#
#.# #.####
#.# #....#
#.# ####.#
#..
####.####
###
#.......#
#.#.....###
#.........#
###...@.###
####{## 8.8
.....
##8.8##
##.## ..#
###


There were no monsters in sight!

Vanquished Creatures
  An adder (D:2)
  A worm (D:2)
  A giant cockroach (D:2)
  2 goblins (D:2)
  A hobgoblin (D:3)
  3 jackals (D:1)
  A kobold (D:1)
  A quokka (D:2)
  4 ball pythons
  5 bats
  A frilled lizard (D:2)
  2 rats
23 creatures vanquished.

Notes
Turn   | Place    | Note
-------+----------+-------------------------------------------
     0 | D:1      | wildpjah the Human Hunter began the quest for the Orb.
     0 | D:1      | Reached XP level 1. HP: 16/16 MP: 1/1
   378 | D:1      | Reached XP level 2. HP: 22/22 MP: 2/2
   638 | D:2      | Reached XP level 3. HP: 26/27 MP: 3/3
   710 | D:2      | Identified the +3 pair of boots "Ikyleot" {rElec}
  1323 | D:3      | Found a runed translucent door.
  1324 | D:3      | Noticed Crazy Yiuf
  1524 | D:3      | Reached skill level 5 in Ranged Weapons
  1537 | D:3      | Found Ituch's Antique Armour Shop.
  1635 | D:3      | Noticed Sigmund
  1645 | D:3      | HP: 1/27 [something/puff of flame (1)]
  1646 | D:3      | Mangled by Sigmund

Illustrated notes

Levels and vault maps discovered:
D:1:      psy_arrival_basics, layout_basic
D:2:      layout_loops_ring
D:3:      layout_basic, lemuel_round_altar, worldfamousw_hep_ancestral_shrine,
          serial_shops, nicolae_shop_tiny_statue_garden,
          small_statue_intersection, uniq_crazy_yiuf_cottage, uniq_sigmund

Skill      XL: |  1  2  3 |
---------------+----------+-----
Ranged Weapons | 5 |  5.0
Fighting       | |  2.0
Dodging        | |  2.1
Stealth        | |  1.0

Action                     || total
---------------------------++-------
  Melee: Rapier            ||     3
   Fire: Shortbow          ||    68
 Armour: Leather armour    ||    23
  Dodge: Dodged            ||    17

Table legend: (Time is in decaauts)
 A = Elapsed time spent in this place.
 B = Non-inter-level travel time spent in this place.
 C = Inter-level travel time spent in this place.
 D = Time resting spent in this place.
 E = Time spent auto-exploring this place.
 F = Levels seen in this place.
 G = Mean time per level.
                   A        B        C        D        E       F      G
               +--------+--------+--------+--------+--------+-----+--------+
         Total |   1662 |   1512 |    150 |      0 |   1295 |   3 |  554.0 |
       Dungeon |   1662 |   1512 |    150 |      0 |   1295 |   3 |  554.0 |
               +--------+--------+--------+--------+--------+-----+--------+

Top non-repeatable levels by time:
     D:2: 712 daAuts
     D:1: 653 daAuts
     D:3: 297 daAuts
